 Dungeon Crawl Stone Soup version 0.27.1-3-gb3d3a73c9e (webtiles) character file.

Game seed: 15376321930655438838

267 pkoi the Ruffian (level 6, -2/59 HPs)
             Began as a Troll Monk on Oct 14, 2021.
             Killed by divine providence
             ... invoked by an orc priest
              (15 damage)
             ... on level 4 of the Dungeon.
             The game lasted 00:03:58 (2217 turns).

pkoi the Ruffian (Troll Monk)                       Turns: 2217, Time: 00:03:58

Health: -2/59      AC:  5    Str: 22    XL:     6   Next: 0%
Magic:  5/5        EV: 10    Int:  6    God:
Gold:   143        SH:  0    Dex: 12    Spells: 5/5 levels left

rFire    + . .     SeeInvis .     - Unarmed
rCold    + . .     Faith    .   (no shield)
rNeg     . . .     Spirit   .   a - +1 robe
rPois    +         Reflect  .   (helmet restricted)
rElec    +         Harm     .   (no cloak)
rCorr    +         Rampage  .   (gloves unavailable)
Will     .....                  (boots unavailable)
Stlth    +.........             (no amulet)
HPRegen  1.19/turn              (no ring)
MPRegen  0.09/turn              (no ring)

@: confused, resistant
A: large, unfitting armour, claws 3, regeneration 1, shaggy fur 1, tough skin 1
a: no special abilities


You were on level 4 of the Dungeon.
You visited 1 branch of the dungeon, and saw 4 of its levels.

You collected 143 gold pieces.

Inventory:

Missiles
 j - 19 poisoned darts (quivered)
Armour
 a - a +1 robe (worn)
Scrolls
 d - a scroll of fear
 f - 2 scrolls of amnesia
Potions
 c - a potion of flight
 g - 3 potions of haste {unknown}
 h - a potion of degeneration {unknown}
 k - a potion of brilliance {unknown}


   Skills:
 - Level 2.4 Fighting
 - Level 2.4 Dodging
 - Level 1.0 Stealth
 + Level 6.8 Unarmed Combat


You had 5 spell levels left.
You didn't know any spells.
Your spell library contained the following spells:

 Spells                   Type           Power      Damage    Failure   Level
 Animate Skeleton         Necr           0%         N/A       45%         1
 Pain                     Necr           0%         1d4       45%         1
 Vampiric Draining        Necr           0%         2d6       83%         3


Dungeon Overview and Level Annotations

Branches:
Dungeon (4/15)
 Temple: D:4-7

Altars:
Fedhas

Shops:
D:4 (*=

Annotations:
D:4 Edmund


Innate Abilities, Weirdness & Mutations

You are too large for most types of armour.
You have claws for hands.
Your natural rate of healing is unusually fast.
You are covered in fur. (AC +1)
You have tough skin. (AC +1)


Message History

Something hits you but does no damage. The orc hits you with a +0 flail.
* * * LOW HITPOINT WARNING * * *
The orc priest hits you but does no damage.
Unknown command.
You closely miss the orc. Something hits you but does no damage.
The orc hits you with a +0 flail.
* * * LOW HITPOINT WARNING * * *
The orc priest hits you with a +0 short sword.
* * * LOW HITPOINT WARNING * * *
Unknown command.
You bump into the rock wall.
Something hits you but does no damage. The orc hits you with a +0 flail.
* * * LOW HITPOINT WARNING * * *
The orc priest hits you with a +0 short sword.
* * * LOW HITPOINT WARNING * * *
Unknown command.
You barely miss something. Something hits you but does no damage.
The orc barely misses you.
The orc priest hits you but does no damage.
Unknown command.
You closely miss something.
An orc wizard appears from thin air!
Reactivating autopickup.
The orc wizard hits you but does no damage.
The orc hits you with a +0 flail.
* * * LOW HITPOINT WARNING * * *
The orc priest barely misses you.
Unknown command.
You claw the orc wizard!
You kill the orc wizard!
The orc hits you but does no damage.
You have reached level 6!
Your experience leads to an increase in your attributes!
Increase (S)trength, (I)ntelligence, or (D)exterity?
You feel stronger. x2
You bump into the rock wall.
The orc priest misses you. The orc barely misses you.
You barely miss the orc.
The orc priest mumbles some strange prayers to Beogh against you.
Beogh smites you!
You die...

## #....# #.. #..#..
...####### ##.##..
#.......# #####..###.
##...... ##..##..# #.
#......# ##....#.## ##
#......## ##.......# #
##...5.)o###........#
###......#@o##.......##
.........###..........#
##......##
##.........## #.....o#
#...........# ≈≈.S...##
#....†......# ≈≈.o.<#
#...........# ≈≈.###
#...........## ≈≈.
#............# ≈≈
#..........### #


You could see an orc priest, a shadow imp and an orc.

Vanquished Creatures
  2 orc priests
  A centaur skeleton (D:4)
  2 orc wizards
  A gnoll (D:1)
  4 adders
  3 dart slugs
  10 orcs
  5 bats
  5 endoplasms
  4 giant cockroaches
  8 goblins
  2 hobgoblins (D:1)
  4 jackals (D:4)
  2 quokkas
  6 ball pythons
  3 frilled lizards
  5 kobolds
  4 rats
71 creatures vanquished.

Vanquished Creatures (others)
  24 plants (D:4)
24 creatures vanquished.

Grand Total: 95 creatures vanquished

Notes
Turn   | Place    | Note
-------+----------+-------------------------------------------
     0 | D:1      | pkoi the Troll Monk began the quest for the Orb.
     0 | D:1      | Reached XP level 1. HP: 22/22 MP: 0/0
    65 | D:1      | Reached XP level 2. HP: 10/29 MP: 1/1
    72 | D:1      | Reached skill level 4 in Unarmed Combat
   219 | D:1      | Found a faded altar of an unknown god.
   389 | D:1      | Reached XP level 3. HP: 36/36 MP: 2/2
  1314 | D:3      | Reached XP level 4. HP: 44/44 MP: 3/3
  1320 | D:3      | Reached skill level 5 in Unarmed Combat
  1339 | D:3      | Noticed an orc warrior
  1919 | D:4      | Found Oriuqu Suisi's Weapon Shoppe.
  1939 | D:4      | Found Ron Iboi's Assorted Antiques.
  1949 | D:3      | Reached XP level 5. HP: 50/50 MP: 4/4
  1989 | D:4      | Reached skill level 6 in Unarmed Combat
  2024 | D:4      | Found Nuush's Jewellery Shoppe.
  2033 | D:4      | Noticed Edmund
  2037 | D:4      | Found a blossoming altar of Fedhas.
  2216 | D:4      | Reached XP level 6. HP: 10/59 MP: 5/5
  2217 | D:4      | Killed from afar by an orc priest

Illustrated notes

Levels and vault maps discovered:
D:1:      amcnicky_arrival_underground_garden, layout_loops_ring,
          hellmonk_ecumenical_altar_arch_garden
D:2:      layout_rooms, minmay_misc_feat_ornament, kennysheep_crisscross
D:3:      layout_loops_cross, minmay_misc_feat_chi
D:4:      layout_cave_pods, mainiacjoe_overflow_six_doors_small,
          mainiacjoe_overflow_catch_the_wave, cheibrodos_sewer_entry_sluice,
          serial_shops, shop, nicolae_shop_waterfront, shop_statue, shop,
          kennysheep_flooded_box, uniq_edmund

Skill      XL: |  1  2  3  4  5 |
---------------+----------------+-----
Unarmed Combat | 4 5 6 |  6.8
Fighting       | |  2.4
Dodging        | |  2.4
Stealth        | |  1.0

Action                   |  1- 3 |  4- 6 || total
-------------------------+-------+-------++-------
Melee: Unarmed           |    89 |    91 ||   180
       Punch             |       |     1 ||     1
  Use: Scroll            |     3 |     4 ||     7
       Potion            |       |     2 ||     2
 Stab: Sleeping          |     3 |     1 ||     4
Armor: Robe              |    26 |    40 ||    66
Dodge: Dodged            |    36 |    68 ||   104
